 Dungeon Crawl Stone Soup version 0.29.1-13-g9f3cf754e1 (webtiles) character file.

Game seed: 6237239532406708056

8407 croobank the Fighter (level 11, -4/89 HPs)
             Began as a Gnoll Wanderer on Jan 30, 2023.
             Was an Initiate of Gozag.
             Slain by a wolf spider simulacrum (19 damage)
             ... on level 11 of the Dungeon.
             The game lasted 00:49:26 (11415 turns).

croobank the Fighter (Gnoll Wanderer)              Turns: 11415, Time: 00:49:27

Health: -4/89      AC: 12    Str: 11    XL:     11   Next: 30%
Magic:  12/21      EV: 13    Int: 22    God:    Gozag
Gold:   1524       SH:  0    Dex: 12    Spells: 12/24 levels left

rFire   . . .      SeeInvis .   P - +6 morningstar of Novog {chaos, Int+6}
rCold   . . .      Faith    .   (no shield)
rNeg    . . .      Spirit   .   F - +0 acid dragon scales
rPois   .          Reflect  .   i - +0 helmet
rElec   .          Harm     .   I - +0 cloak
rCorr   +          Rampage  .   o - +0 pair of gloves
Will    +....                   L - +0 pair of boots
Stlth   +++.......              f - amulet of regeneration
HPRegen 1.04/turn               H - ring of willpower
MPRegen 0.17/turn               R - +4 ring of slaying

@: no status effects
A: fangs 1, strong nose, distributed training
a: Renounce Religion, Potion Petition, Call Merchant, Bribe Branch


You were on level 11 of the Dungeon.
You worshipped Gozag.
Gozag was most pleased with you.
You visited 2 branches of the dungeon, and saw 12 of its levels.
You also visited: Sewer.

You collected 1841 gold pieces.
You spent 190 gold pieces at shops.
You paid 127 gold pieces to Gozag.

Inventory:

Hand Weapons
 a - a +2 short sword of flaming
 p - a +0 war axe of electrocution
 y - a +1 flail of holy wrath
 E - a +0 broad axe
 G - a +0 hand axe of flaming
 J - a +4 morningstar
 K - a +3 hand axe
 P - the +6 morningstar of Novog (weapon) {chaos, Int+6}
   (You found it on level 10 of the Dungeon)

   Each time it hits an enemy it has a different, random effect.
   Int:       It affects your intelligence (+6).
Missiles
 x - 5 javelins (quivered)
 O - 16 poisoned darts
 V - a curare-tipped dart
Armour
 c - a +1 robe
 i - a +0 helmet (worn)
 o - a +0 pair of gloves (worn)
 C - a +0 ring mail
 F - +0 acid dragon scales (worn)
 I - a +0 cloak (worn)
 L - a +0 pair of boots (worn)
 T - +0 ice dragon scales
Magical Staves
 k - a staff of earth
 t - a staff of cold
Jewellery
 f - an amulet of regeneration (around neck)
 s - a ring of wizardry
 u - a ring of flight
 H - a ring of willpower (left hand)
 M - a ring of protection from cold
 R - a +4 ring of slaying (right hand)
Wands
 l - a wand of polymorph (12)
 q - a wand of digging (8)
 r - a wand of flame (10)
Scrolls
 b - 5 scrolls of vulnerability
 h - 6 scrolls of teleportation
 j - 7 scrolls of identify
 n - 2 scrolls of butterflies
 w - 4 scrolls of enchant weapon
 A - a scroll of silence
 N - a scroll of blinking {unknown}
 Q - a scroll of summoning {unknown}
 U - a scroll of torment {unknown}
Potions
 d - 6 potions of curing
 e - 3 potions of ambrosia
 g - a potion of heal wounds
 m - 2 potions of resistance
 v - a potion of lignification
 z - a potion of might {unknown}
 B - a potion of brilliance
 D - 2 potions of mutation
 S - a potion of berserk rage


   Skills:
 + Level 9.2 Fighting
 + Level 6.4 Short Blades
 + Level 6.4 Long Blades
 + Level 6.4 Axes
 + Level 6.4 Maces & Flails
 + Level 6.4 Polearms
 + Level 6.4 Staves
 + Level 6.4 Ranged Weapons
 + Level 6.4 Throwing
 + Level 6.4 Armour
 + Level 7.0 Dodging
 + Level 6.9 Stealth
 + Level 6.4 Shields
 + Level 6.4 Unarmed Combat
 + Level 7.0 Spellcasting
 + Level 6.6 Conjurations
 + Level 5.3 Hexes
 + Level 5.3 Summonings
 + Level 5.3 Necromancy
 + Level 5.3 Translocations
 + Level 5.3 Transmutations
 + Level 6.6 Fire Magic
 + Level 5.3 Ice Magic
 + Level 5.3 Air Magic
 + Level 5.3 Earth Magic
 + Level 5.3 Poison Magic
 + Level 7.0 Invocations
 + Level 6.4 Evocations


You had 12 spell levels left.
You knew the following spells:

 Your Spells              Type           Power      Damage    Failure   Level
a - Foxfire               Conj/Fire      100%       2x1d9     1%          1
b - Searing Ray           Conj           74%        2d7       1%          2
c - Magic Dart            Conj           100%       1d8       1%          1
d - Fulminant Prism       Conj/Hex       17%        3d11      10%         4
e - Dispel Undead         Necr           31%        3d14      13%         4

Your spell library contained the following spells:

 Spells                   Type           Power      Damage    Failure   Level
 Apportation              Tloc           62%        N/A       1%          1
 Necrotise                Necr           100%       1d9       1%          1
 Summon Small Mammal      Summ           100%       N/A       1%          1
 Ignite Poison            Fire/Tmut/Pois 33%        N/A       3%          3
 Portal Projectile        Hex/Tloc       62%        N/A       4%          3
 Tukima's Dance           Hex            31%        N/A       4%          3
 Sticky Flame             Conj/Fire      37%        2d6       8%          4
 Blade Hands              Tmut           15%        N/A       36%         5
 Death Channel            Necr           15%        N/A       90%         6
 Corpse Rot               Necr/Pois/Air  Unusable   N/A       N/A         4

Dungeon Overview and Level Annotations

Branches:
Dungeon (11/15)            Temple (1/1) D:5            Lair (0/5) D:10
  Sewer (visited)
    Orc: D:9-12

Altars:
Ashenzari
Cheibriados
Dithmenos
Elyvilon
Fedhas
Gozag
Hepliaklqana
Kikubaaqudgha
Makhleb
Nemelex Xobeh
Okawaru
Qazlal
Ru
Sif Muna
Trog
Uskayaw
Vehumet
Wu Jian
Xom
Yredelemnul
Zin
The Shining One

Shops:
D:2 *

Annotations:
D:5 2 transporters, Sanktem7's ghost, amateur MiFi
D:7 3 runed translucent doors, Loveship's ghost, novice HOFi
D:10 1 transporter


Innate Abilities, Weirdness & Mutations

You have very sharp teeth.
Your uncanny sense of smell can sniff out nearby items.
Your experience applies equally to all skills.


Message History

You see here a +0 shortbow.
Your foxfire dissipates!
Things that are here:
a +0 dagger; a +0 shortbow A wolf spider simulacrum comes into view.
Items here: ( ))).
V - a curare-tipped dart An orc zombie comes into view.
Things that are here:
a +0 dagger; a +0 shortbow You see here a +0 shortbow.
Casting: Foxfire (safe; 1% risk of failure)
Confirm with . or Enter, or press ? or * to list all spells.
You conjure some foxfire!
Casting: Foxfire (safe; 1% risk of failure)
Confirm with . or Enter, or press ? or * to list all spells.
You conjure some foxfire!
The foxfire hits the wolf spider simulacrum!
The wolf spider simulacrum melts!
The wolf spider simulacrum is moderately damaged.
The foxfire hits the wolf spider simulacrum!
The wolf spider simulacrum melts!
The wolf spider simulacrum is heavily damaged.
The wolf spider simulacrum hits you but does no damage.
The wolf spider simulacrum bites you.
The wolf spider simulacrum freezes you!!
Casting: Foxfire (safe; 1% risk of failure)
Confirm with . or Enter, or press ? or * to list all spells.
You conjure some foxfire!
The foxfire hits the wolf spider simulacrum.
The wolf spider simulacrum melts!
The wolf spider simulacrum is severely damaged.
The wolf spider simulacrum hits you!
The wolf spider simulacrum freezes you!!
* * * LOW HITPOINT WARNING * * *
The wolf spider simulacrum bites you!
* * * LOW HITPOINT WARNING * * *
The wolf spider simulacrum freezes you!!
You die...
Your body crumbles into a pile of gold. # .WZZK.c

.## .KK...#
#.# ..ZZ..#
#.# .K.Z..#
#.# .8..Z #.#
...#
##.####$$#.#.#
#v@Z)$$.......
#vv###########
#.ยง# #..#
#..# ...#
#.#.# #>#.#


You could see a wolf spider simulacrum (ally target).

Vanquished Creatures
  An elephant (D:10)
  Prince Ribbit (D:5)
  3 hornets
  2 wraiths
  10 yaks
  2 shadows
  A steam dragon (D:8)
  2 basilisks (D:10)
  A two-headed ogre zombie (D:11)
  2 water moccasins
  An ice beast (D:5)
  3 black bears
  3 orc warriors
  3 ogres
  7 centaurs
  A phantom (D:11)
  2 kobold brigands
  3 bullfrogs
  2 scorpions (D:6)
  5 wights
  14 killer bees
  5 howler monkeys
  2 electric eels
  A centaur zombie (D:7)
  A gnoll bouda (D:7)
  A jelly (D:5)
  9 orc priests
  10 hounds
  2 iguanas (D:5)
  10 orc wizards
  3 ogre zombies (D:11)
  A howler monkey zombie (D:7)
  Robin (D:3)
  10 gnolls
  7 adders
  A shadow imp (D:7)
  2 white imps
  An ufetubus (D:7)
  3 worms
  5 dart slugs
  30 orcs
  9 ball pythons
  11 endoplasms
  3 giant cockroaches
  10 hobgoblins
  3 jackals (D:3)
  20 kobolds
  6 quokkas
  12 bats
  4 frilled lizards
  12 goblins
  5 goblin zombies (D:11)
  2 hobgoblin skeletons (D:11)
  4 hobgoblin zombies (D:11)
  An orc skeleton (D:11)
  9 orc zombies (D:11)
  2 rats
287 creatures vanquished.

Vanquished Creatures (others)
  519 foxfires
  A fungus (D:10)
  A plant (D:10)
521 creatures vanquished.

Grand Total: 808 creatures vanquished

Notes
Turn   | Place    | Note
-------+----------+-------------------------------------------
     0 | D:1      | croobank the Gnoll Wanderer began the quest for the Orb.
     0 | D:1      | croobank set off with the following items: a +0 club, a
                  | scroll of vulnerability, a +0 robe, a potion of curing; and
                  | the following spells available to memorise: Foxfire, Magic
                  | Dart, Searing Ray, Ignite Poison, Sticky Flame.
     0 | D:1      | Reached XP level 1. HP: 23/23 MP: 4/4
    11 | D:1      | Learned a level 1 spell: Foxfire
   188 | D:1      | Reached XP level 2. HP: 16/29 MP: 5/5
   791 | D:1      | Found a faded altar of an unknown god.
   830 | D:2      | Found Qyveem's Assorted Antiques.
   841 | D:2      | Bought a scroll labelled YLIUCZUSHY for 19 gold pieces
   841 | D:2      | Bought a scroll labelled RAODWITZYR for 19 gold pieces
   884 | D:2      | Reached XP level 3. HP: 33/35 MP: 7/7
   888 | D:2      | Reached skill level 1 in Invocations
  1001 | D:2      | Reached skill level 1 in Short Blades
  1001 | D:2      | Reached skill level 1 in Long Blades
  1001 | D:2      | Reached skill level 1 in Axes
  1001 | D:2      | Reached skill level 1 in Maces & Flails
  1001 | D:2      | Reached skill level 1 in Polearms
  1001 | D:2      | Reached skill level 1 in Staves
  1001 | D:2      | Reached skill level 1 in Ranged Weapons
  1001 | D:2      | Reached skill level 1 in Throwing
  1001 | D:2      | Reached skill level 1 in Armour
  1001 | D:2      | Reached skill level 1 in Shields
  1001 | D:2      | Reached skill level 1 in Unarmed Combat
  1001 | D:2      | Reached skill level 1 in Evocations
  1211 | D:3      | Reached XP level 4. HP: 29/41 MP: 8/8
  1447 | D:3      | Reached skill level 1 in Hexes
  1447 | D:3      | Reached skill level 1 in Summonings
  1447 | D:3      | Reached skill level 1 in Necromancy
  1447 | D:3      | Reached skill level 1 in Translocations
  1447 | D:3      | Reached skill level 1 in Transmutations
  1447 | D:3      | Reached skill level 1 in Ice Magic
  1447 | D:3      | Reached skill level 1 in Air Magic
  1447 | D:3      | Reached skill level 1 in Earth Magic
  1447 | D:3      | Reached skill level 1 in Poison Magic
  1494 | D:3      | Found a glowing drain.
  1498 | Sewer    | Entered a sewer
  1519 | Sewer    | Noticed a water moccasin
  1530 | Sewer    | Killed a water moccasin
  1531 | Sewer    | Reached XP level 5. HP: 28/47 MP: 3/9
  1799 | D:3      | Noticed Robin
  1833 | D:3      | Killed Robin
  1834 | D:3      | Reached XP level 6. HP: 16/53 MP: 11/11
  2012 | D:4      | Learned a level 2 spell: Searing Ray
  2357 | D:4      | Noticed a black bear
  2369 | D:4      | Killed a black bear
  2506 | D:4      | Found a hide-covered altar of Uskayaw.
  3238 | D:4      | Reached XP level 7. HP: 31/59 MP: 7/12
  3240 | D:4      | Reached skill level 7 in Fighting
  3409 | D:5      | Entered Level 5 of the Dungeon
  3521 | D:5      | Found a transporter.
  3521 | D:5      | Noticed Sanktem7's ghost (amateur MiFi)
  3526 | D:5      | Found a transporter.
  3554 | D:5      | Found a staircase to the Ecumenical Temple.
  3612 | Temple   | Entered the Ecumenical Temple
  3616 | Temple   | Became a worshipper of Gozag Ym Sagoz the Greedy
  3735 | D:2      | Bought a sharpened gold wand for 76 gold pieces
  3735 | D:2      | Bought an encrusted gold wand for 76 gold pieces
  3923 | D:5      | Noticed Prince Ribbit
  3936 | D:5      | Killed Prince Ribbit
  3937 | D:5      | Reached XP level 8. HP: 40/67 MP: 14/14
  4283 | D:5      | Found a snail-covered altar of Cheibriados.
  4315 | D:5      | Found a glowing golden altar of the Shining One.
  4405 | D:5      | Found a hazy altar of Hepliaklqana.
  4706 | D:5      | Learned a level 1 spell: Magic Dart
  5322 | D:5      | Reached skill level 5 in Conjurations
  5322 | D:5      | Reached skill level 5 in Fire Magic
  5862 | D:6      | Reached XP level 9. HP: 73/73 MP: 11/16
  5907 | D:6      | Reached skill level 5 in Spellcasting
  5948 | D:5      | Reached skill level 5 in Dodging
  6467 | D:7      | Reached skill level 5 in Stealth
  6530 | D:7      | Reached skill level 8 in Fighting
  6635 | D:7      | You fall into a shaft and drop 1 floor!
  6638 | D:8      | Noticed a manticore
  6710 | D:7      | Noticed Maggie
  6713 | D:7      | Noticed Maggie
  6713 | D:7      | Maggie changed into Maggie the adder
  6719 | D:7      | Killed Maggie the adder
  6853 | D:7      | Found a blossoming altar of Fedhas.
  6897 | D:7      | Noticed a hornet
  6905 | D:7      | Paralysed by a hornet for 1 turns
  6913 | D:7      | Killed a hornet
  6914 | D:7      | Reached skill level 5 in Invocations
  7441 | D:7      | Found a runed translucent gate.
  7441 | D:7      | Found a runed translucent gate.
  7441 | D:7      | Found a runed translucent gate.
  7441 | D:7      | Noticed Loveship's ghost (novice HOFi)
  7443 | D:7      | Found a basalt altar of Yredelemnul.
  7944 | D:8      | Found a white marble altar of Elyvilon.
  8131 | D:8      | Reached skill level 5 in Short Blades
  8131 | D:8      | Reached skill level 5 in Long Blades
  8131 | D:8      | Reached skill level 5 in Axes
  8131 | D:8      | Reached skill level 5 in Maces & Flails
  8131 | D:8      | Reached skill level 5 in Polearms
  8131 | D:8      | Reached skill level 5 in Staves
  8131 | D:8      | Reached skill level 5 in Ranged Weapons
  8131 | D:8      | Reached skill level 5 in Throwing
  8131 | D:8      | Reached skill level 5 in Armour
  8131 | D:8      | Reached skill level 5 in Shields
  8131 | D:8      | Reached skill level 5 in Unarmed Combat
  8131 | D:8      | Reached skill level 5 in Evocations
  8131 | D:8      | Reached XP level 10. HP: 65/81 MP: 1/18
  8732 | D:8      | Noticed a four-headed hydra
  8734 | D:8      | Noticed a two-headed ogre
  8735 | D:8      | Noticed a brown ugly thing
  8737 | D:8      | Noticed a two-headed ogre
  8738 | D:8      | Noticed a gargoyle
  8739 | D:8      | Learned a level 4 spell: Fulminant Prism
  8839 | D:8      | Found a broken altar of Ashenzari.
  8839 | D:8      | Found a shadowy altar of Dithmenos.
  8860 | D:8      | Found a burning altar of Makhleb.
  9012 | D:9      | Learned a level 4 spell: Dispel Undead
  9430 | D:10     | Entered Level 10 of the Dungeon
 10141 | D:10     | Identified the +6 morningstar of Novog {chaos, Int+6}
 10314 | D:10     | Found a transporter.
 10359 | D:10     | Found a staircase to the Lair.
 10372 | D:10     | Reached skill level 9 in Fighting
 10378 | D:10     | Reached skill level 5 in Hexes
 10378 | D:10     | Reached skill level 5 in Summonings
 10378 | D:10     | Reached skill level 5 in Necromancy
 10378 | D:10     | Reached skill level 5 in Translocations
 10378 | D:10     | Reached skill level 5 in Transmutations
 10378 | D:10     | Reached skill level 5 in Ice Magic
 10378 | D:10     | Reached skill level 5 in Air Magic
 10378 | D:10     | Reached skill level 5 in Earth Magic
 10378 | D:10     | Reached skill level 5 in Poison Magic
 10381 | D:10     | Reached XP level 11. HP: 73/89 MP: 21/21
 11415 | D:11     | Slain by a wolf spider simulacrum

Illustrated notes

Levels and vault maps discovered:
D:1:      dreamdust_arrival_beginning_and_end, layout_loops_ring,
          shapermc_ecumenical_altar_mp_vishouse, item_on_display_a
D:2:      layout_basic, serial_shops, nicolae_shop_waterfront
D:3:      layout_rooms, gup_sewer_entry_bowl, serial_park_tiny_1,
          kennysheep_generic_room_5, uniq_robin
D:4:      layout_basic, nicolae_uskayaw_murder_on_the_dancefloor,
          kennysheep_cross_bottleneck, minmay_misc_feat_doors,
          minmay_fractal_squares_gapless_5
D:5:      layout_loops_cross, lemuel_crystal_altar, lemuel_tele_altar,
          mainiacjoe_overflow_tiny_flanked, minmay_temple_entry_mini_moons,
          gammafunk_ghost_arena, uniq_prince_ribbit1
D:6:      layout_cave_pools, serial_rivers, chequers_serial_rivers_micro_a,
          chequers_serial_rivers_small_3, chequers_serial_rivers_micro_b,
          chequers_serial_rivers_micro_c, chequers_serial_rivers_large_b,
          kennysheep_pointless_box, serial_park_tiny_2
D:7:      wander_river, layout_rooms, nicolae_yredelemnul_ghost_church,
          mainiacjoe_overflow_chevrons, minmay_puff, uniq_maggie
D:8:      layout_basic, elyvilon_altar_3, gammafunk_temple_overflow_forgotten,
          minivault_12
D:9:      layout_basic, kennysheep_generic_room_7
D:10:     layout_irregular_city, david_lair_generic, nicolae_diode_basic
D:11:     layout_loops_ring, zombieorc2_lemuel, serial_shops, shop, shop,
          nicolae_shop_advertising_works [nicolae_subvault_shop_adworks]
Temple:   nicolae_temple_x_marks_the_god

Skill      XL: |  1  2  3  4  5  6  7  8  9 10 11 |
---------------+----------------------------------+-----
Invocations    | 1 2 3 4 5 6 7 |  7.0
Short Blades   | 1 2 3 5 6 |  6.4
Long Blades    | 1 2 3 5 6 |  6.4
Axes           | 1 2 3 5 6 |  6.4
Maces & Flails | 1 2 3 5 6 |  6.4
Polearms       | 1 2 3 5 6 |  6.4
Staves         | 1 2 3 5 6 |  6.4
Ranged Weapons | 1 2 3 5 6 |  6.4
Throwing       | 1 2 3 5 6 |  6.4
Armour         | 1 2 3 5 6 |  6.4
Shields        | 1 2 3 5 6 |  6.4
Unarmed Combat | 1 2 3 5 6 |  6.4
Evocations     | 1 2 3 5 6 |  6.4
Spellcasting   | 3 4 5 6 7 |  7.0
Hexes          | 1 2 3 4 5 |  5.3
Summonings     | 1 2 3 4 5 |  5.3
Necromancy     | 1 2 3 4 5 |  5.3
Translocations | 1 2 3 4 5 |  5.3
Transmutations | 1 2 3 4 5 |  5.3
Ice Magic      | 1 2 3 4 5 |  5.3
Air Magic      | 1 2 3 4 5 |  5.3
Earth Magic    | 1 2 3 4 5 |  5.3
Poison Magic   | 1 2 3 4 5 |  5.3
Dodging        | 3 4 5 6 7 |  7.0
Conjurations   | 4 5 6 |  6.6
Fire Magic     | 4 5 6 |  6.6
Stealth        | 3 4 5 6 |  6.9
Fighting       | 7 8 9 |  9.2

Action                   |  1- 3 |  4- 6 |  7- 9 | 10-12 || total
-------------------------+-------+-------+-------+-------++-------
Melee: Short sword       |    76 |   130 |   310 |     6 ||   522
       Bite              |     5 |     8 |    41 |    23 ||    77
       Punch             |     2 |     3 |     8 |     6 ||    19
       Morningstar       |       |       |       |   115 ||   115
       Hand axe          |       |       |       |    52 ||    52
Throw: Throwing net      |     1 |       |       |       ||     1
 Cast: Foxfire           |    12 |    78 |    42 |   170 ||   302
       Searing Ray       |       |       |    19 |     8 ||    27
       Dispel Undead     |       |       |       |     2 ||     2
Evoke: Wand              |       |       |    16 |     3 ||    19
  Use: Potion            |     2 |     1 |     3 |     1 ||     7
       Scroll            |       |     7 |     9 |     1 ||    17
 Stab: Sleeping          |     3 |     3 |     2 |       ||     8
       Distracted        |       |       |       |     1 ||     1
Armor: Robe              |    28 |    56 |    81 |       ||   165
       Acid dragon scale |       |       |    37 |   116 ||   153
Dodge: Dodged            |    90 |   128 |   295 |   155 ||   668
